 Dungeon Crawl Stone Soup version 0.31-a0-1626-g5cb510d322 (webtiles) character file.

Game seed: 4377759403349202864

335533 jasper the Gelid (level 21, -1/206 HPs)
             Began as a Naga Ice Elementalist on Jan 11, 2024.
             Was the Champion of Vehumet.
             Killed from afar by a crystal guardian (21 damage)
             ... with a crystal bolt
             ... led by a peacekeeper
             ... on level 2 of the Vaults on Jan 12, 2024.
             The game lasted 02:12:50 (58105 turns).

jasper the Gelid (Naga Ice Elementalist)           Turns: 58105, Time: 02:12:50

Health: -1/206     AC: 24    Str: 11    XL:     21   Next: 87%
Magic:  6/39       EV:  9    Int: 31    God:    Vehumet [******]
Gold:   524        SH: 14    Dex: 16    Spells: 13/48 levels left

rFire   + + .        c - staff of cold
rCold   + + .        U - +2 kite shield {AC+3}
rNeg    . . .        L - +0 troll leather armour of the Albatross {rF++ Regen+ Dex+3}
rPois   +            S - +0 helmet
rElec   .            B - +2 cloak {Will+}
rCorr   .            E - +0 pair of gloves
SInv    +            a - +4 barding {rF+}
Will    +++..        N - amulet of regeneration
Stlth   ++           d - ring of ice
HPRegen 2.14/turn    I - +6 ring of intelligence
MPRegen 0.26/turn

%: no passive effects
@: about to teleport, studying Dodging, very slow
A: AC +7, large, see invisible, deformed body, poison resistance, slowness 2,
spit poison 1, naga tail 2
}: 2/15 runes: decaying, serpentine
a: Spit Poison, Renounce Religion


You were on level 2 of the Vaults.
You worshipped Vehumet.
Vehumet was exalted by your worship.
You visited 8 branches of the dungeon, and saw 36 of its levels.
You also visited: Gauntlet and Ice Cave.

You collected 4776 gold pieces.
You spent 4252 gold pieces at shops.

Inventory:

Missiles
 Z - a throwing net
Armour
 a - a +4 barding of fire resistance (worn)
 B - a +2 cloak of willpower (worn)
 E - a +0 pair of gloves (worn)
 L - the +0 troll leather armour of the Albatross (worn) {rF++ Regen+ Dex+3}
   (You bought it in a shop on level 2 of the Vaults)

   Dex+3:     It affects your dexterity (+3).
   rF++:      It greatly protects you from fire.
   Regen+:    It increases your rate of health regeneration.
 S - a +0 helmet (worn)
 U - a +2 kite shield of protection (worn)
Magical Staves
 c - a staff of cold (weapon)
 q - a staff of conjuration
Jewellery
 d - a ring of ice (left hand)
 j - the ring "Woah Kif" {Will++ Int+3 Dex+6}
   (You found it on level 3 of the Elven Halls)

   [ring of dexterity]

   Int+3:     It affects your intelligence (+3).
   Dex+6:     It affects your dexterity (+6).
   Will++:    It greatly increases your willpower.
 w - the ring "Cesumaw" {rN+ Int+3 Dex+2}
   (You found it in an ice cave)

   [ring of positive energy]

   Int+3:     It affects your intelligence (+3).
   Dex+2:     It affects your dexterity (+2).
   rN+:       It protects you from negative energy.
 C - a ring of flight
 I - a +6 ring of intelligence (right hand)
 K - the ring "Teeloiq" {rC+ Str+2 Dex+4}
   (You found it in a Gauntlet)

   [ring of protection from cold]

   Str+2:     It affects your strength (+2).
   Dex+4:     It affects your dexterity (+4).
   rC+:       It protects you from cold.
 N - an amulet of regeneration (around neck)
 Y - a ring of willpower
Wands
 p - a wand of acid (14)
 s - a wand of digging (1)
 u - a wand of polymorph (17)
 F - a wand of flame (62)
 Q - a wand of roots (28)
Scrolls
 e - 2 scrolls of fog
 f - a scroll of enchant armour
 g - a scroll of blinking
 n - 2 scrolls of silence
 o - 7 scrolls of vulnerability
 r - 2 scrolls of revelation
 v - 13 scrolls of teleportation
 D - 7 scrolls of fear
 G - 4 scrolls of amnesia
 J - 9 scrolls of poison
 M - a scroll of acquirement
 V - 19 scrolls of identify
 X - 5 scrolls of immolation
Potions
 b - 5 potions of magic
 h - 5 potions of mutation
 i - 19 potions of curing
 k - 5 potions of lignification
 l - 2 potions of resistance
 m - 8 potions of haste
 t - 2 potions of cancellation
 x - 4 potions of invisibility
 z - 4 potions of berserk rage
 A - 2 potions of enlightenment
 O - 9 potions of might
 P - a potion of degeneration
 R - 9 potions of brilliance
 T - 7 potions of heal wounds
 W - a potion of ambrosia
Miscellaneous
 y - a condenser vane
 H - a box of beasts


   Skills:
 + Level 16.6 Fighting
 - Level 12.0 Staves
 - Level 7.4 Dodging
 - Level 3.0 Stealth
 - Level 12.0 Shields
 + Level 14.2 Spellcasting
 - Level 13.0 Conjurations
 - Level 2.0 Summonings
 - Level 2.0 Translocations
 - Level 2.0 Fire Magic
 * Level 20.2 Ice Magic
 - Level 3.0 Air Magic
 - Level 2.0 Earth Magic
 - Level 5.1 Alchemy
 - Level 5.0 Evocations


You had 13 spell levels left.
You knew the following spells:

 Your Spells              Type           Power      Damage    Failure   Level
a - Freezing Cloud        Conj/Ice/Air   60%        6-21      1%          5
b - Orb of Destruction    Conj           40%        9d11      8%          7
c - Ozocubu's Armour      Ice            100%       N/A       0%          3
d - Ozocubu's Refrigerat  Ice            73%        4d23      1%          7
e - Swiftness             Air            40%        N/A       6%          3
f - Sticky Flame          Fire/Alch      44%        2d8       4%          4
g - Mephitic Cloud        Conj/Alch/Air  60%        N/A       1%          3
h - Stone Arrow           Conj/Erth      100%       3d13      1%          3

Your spell library contained the following spells:

 Spells                   Type           Power      Damage    Failure   Level
 Polar Vortex             Ice            73%        12d9*     38%         9
 Fire Storm               Conj/Fire      31%        8d8       100%        9
 Shatter                  Erth           17%        3d16*     100%        9
 Freeze                   Ice            100%       1d10      0%          1
 Frozen Ramparts          Ice            100%       1d16      0%          3
 Hailstorm                Conj/Ice       100%       3d16      0%          3
 Foxfire                  Conj/Fire      100%       2x1d9     1%          1
 Kiss of Death            Conj/Necr      100%       2d13      1%          1
 Shock                    Conj/Air       100%       1d9       1%          1
 Mercury Vapours          Alch/Air       94%        N/A       1%          2
 Momentum Strike          Conj/Tloc      100%       3d10      1%          2
 Static Discharge         Conj/Air       100%       3-8/arc   1%          2
 Summon Ice Beast         Ice/Summ       100%       N/A       1%          3
 Flame Wave               Conj/Fire      62%        2d14      1%          4
 Iskenderun's Battlesphe  Conj           80%        2d13      1%          5
 Volatile Blastmotes      Fire/Tloc      68%        2d15      2%          3
 Fireball                 Conj/Fire      31%        3d13      2%          5
 Summon Small Mammal      Summ           100%       N/A       3%          1
 Call Imp                 Summ           68%        N/A       4%          2
 Inner Flame              Hex/Fire       28%        N/A       4%          3
 Airstrike                Air            20%        2d(3-19)  5%          4
 Call Canine Familiar     Summ           34%        N/A       9%          3
 Jinxbite                 Hex            44%        N/A       11%         2
 Sublimation of Blood     Necr           22%        N/A       11%         2
 Bombard                  Conj/Erth      31%        9d6       13%         6
 Starburst                Conj/Fire      31%        6d9       13%         6
 Yara's Violent Unravell  Hex/Alch       18%        3d9       17%         5
 Confusing Touch          Hex            22%        N/A       21%         3
 Fugue of the Fallen      Necr           22%        N/A       21%         3
 Sigil of Binding         Hex            22%        N/A       21%         3
 Alistair's Intoxication  Alch           34%        N/A       22%         5
 Animate Armour           Summ/Erth      68%        N/A       30%         4
 Manifold Assault         Tloc           34%        N/A       30%         4
 Summon Blazeheart Golem  Fire/Summ      34%        N/A       30%         4
 Eringya's Noxious Bog    Alch           26%        4d6       30%         6
 Dimensional Bullseye     Hex/Tloc       14%        N/A       41%         4
 Spellforged Servitor     Conj/Summ      31%        N/A       54%         7
 Anguish                  Hex/Necr       11%        N/A       56%         4
 Animate Dead             Necr           22%        N/A       56%         4
 Cause Fear               Hex            11%        N/A       56%         4
 Dispel Undead            Necr           22%        3d12      56%         4
 Summon Forest            Summ/Tloc      17%        N/A       63%         5
 Plasma Beam              Fire/Air       18%        2x1d30    63%         6
 Borgnjor's Vile Clutch   Necr/Erth      14%        N/A       77%         5
 Summon Mana Viper        Hex/Summ       28%        N/A       77%         5
 Lehudib's Crystal Spear  Conj/Erth      31%        10d8      99%         8
 Death Channel            Necr           11%        N/A       100%        6
 Enfeeble                 Hex            11%        N/A       100%        7
 Monstrous Menagerie      Summ           17%        N/A       100%        7
 Summon Hydra             Summ           17%        N/A       100%        7
 Dragon's Call            Summ           17%        N/A       100%        9


Dungeon Overview and Level Annotations

Branches:
Dungeon (15/15)            Temple (1/1) D:4            Lair (5/5) D:8
  Swamp (4/4) Lair:3        Snake (4/4) Lair:3        Slime (0/5) Lair:5
    Orc (2/2) D:12            Elf (3/3) Orc:2        Vaults (2/5) D:13
 Depths (0/4) D:15          IceCv (visited)         Gauntlet (visited)
  Crypt: Vaults:2-3

Altars:
Ashenzari
Cheibriados
Dithmenos
Elyvilon
Fedhas
Gozag
Hepliaklqana
Kikubaaqudgha
Makhleb
Nemelex Xobeh
Okawaru
Qazlal
Ru
Sif Muna
Trog
Uskayaw
Vehumet
Wu Jian
Xom
Yredelemnul
Zin
The Shining One
Jiyva

Shops:
D:14 (   D:15 *   Orc:2 *(=[?*   Elf:2 =   Snake:1 *!   Snake:3 =!   Vaults:2 [

Annotations:
Lair:4 2 transporters, Ozorab's ghost, journeyman NaHs
Lair:5 3 runed translucent doors, jlumianski's ghost, journeyman GnSh
Swamp:2 2 transporters, Phlounder's ghost, adept DjHW
Snake:1 2 transporters
Snake:2 3 runed translucent doors, Ewuvia's ghost, adept FeSh
Elf:2 5 runed translucent doors
Vaults:2 1 runed translucent door, Antoec's ghost, adept VSBr


Innate Abilities, Weirdness & Mutations

Your serpentine skin is tough. (AC +7)
You have supernaturally acute eyesight. (SInv)
Armour fits poorly on your strangely shaped body.
Your system is resistant to poisons. (rPois)
You cover ground very slowly.
You can spit poison.
You can use your snake-like lower body to constrict enemies.


Message History

The war gargoyle is severely damaged.
You constrict the crystal guardian. The war gargoyle misses you.
The dire elephant tramples you!!
* * * LOW HITPOINT WARNING * * *
You hold your ground!
You block the dire elephant's attack.
You block the crystal guardian's attack.
The dire elephant is engulfed in freezing vapours. x2
You take 17 damage, and have 61/206 hp.
You hit the war gargoyle but do no damage.
You freeze the war gargoyle!
The war gargoyle is severely damaged.
You constrict the crystal guardian, but do no damage.
The war gargoyle launches metal splinters at you.
The spray of metal splinters hits you!!!
* * * LOW HITPOINT WARNING * * *
The crystal guardian hits you.
* * * LOW HITPOINT WARNING * * *
The dire elephant tramples you.
* * * LOW HITPOINT WARNING * * *
You hold your ground!
The dire elephant trunk-slaps you but does no damage.
The dire elephant is engulfed in freezing vapours. x2
You take 58 damage, and have 3/206 hp.
MASSIVE DAMAGE!!
Okay, then.
Okay, then.
Unknown command.
Blink to where?
Press: ? - help, Dir - move target You lose your grip on the crystal guardian.
As you read the scroll of blinking, it crumbles to dust.
You regained 2 hp, and now have 5/206 hp.
You feel better.
You regained 13 hp, and now have 18/206 hp.
Okay, then.
As you read the scroll of teleportation, it crumbles to dust.
You feel strangely unstable.
The crystal guardian no longer looks unusually strong.
The crystal guardian fires a crystalline bolt at you.
The crystal bolt freezes you!! You resist.
You die...

#)####.'.....)#....#........#
#......#......#....#........#
########......'....#........#
# #......#....#........# #
#......#....######+### ###
#.######....# ).### #.#
#....# #...####.# #....#
..[......# #.@..# ###'######
#....# G#.§. #....# ..#..⌠.#
#....# ..#....# #.Y9.#
..#)...# #9...########
..#).⌠.# #............
.....§.# #..§Y§§......
#'##'##+#####


You could see 2 dire elephants, a crystal guardian and a war gargoyle.

Vanquished Creatures
  Vashnia (Snake:4)
  Zenata (Vaults:1)
  A tentacled monstrosity (Swamp:2)
  A lich (IceCv)
  2 deep elf master archers (Elf:3)
  2 deep elf blademasters (Elf:3)
  A quicksilver dragon (Snake:4)
  A sphinx (Vaults:2)
  Kirke (Lair:5)
  Agnes (Snake:4)
  Aizul (Snake:1)
  4 fenstrider witches (Swamp:4)
  5 nagarajas
  3 vault wardens
  3 deep elf elementalists (Elf:3)
  9 deep elf sorcerers
  A frost giant (D:15)
  An orc warlord (Orc:1)
  4 ironbound preservers
  An ironbound thunderhulk (Vaults:2)
  Nessos (Orc:2)
  7 deep elf demonologists (Elf:3)
  4 eleionomae
  6 deep elf death magi (Elf:3)
  A war gargoyle (Vaults:2)
  5 dire elephants
  A minotaur (Gauntlet)
  5 bunyips
  4 deep elf annihilators (Elf:3)
  A blizzard demon (Swamp:4)
  An eidolon (Vaults:2)
  2 deep elf high priests (Elf:3)
  2 shambling mangroves
  3 yaktaur captains
  2 entropy weavers (Vaults:1)
  17 hydras
  3 vault guards (Vaults:2)
  3 great orbs of eyes
  A hell beast (Swamp:4)
  5 salamander tyrants
  2 ogre magi (Vaults:2)
  5 alligators
  2 peacekeepers (Vaults:2)
  3 ghost crabs
  2 ironbound frosthearts
  14 centaur warriors
  5 anacondas
  2 boulder beetles
  3 two-headed ogres
  2 catoblepae
  15 dancing weapons
  7 orc high priests
  2 tengu warriors (D:15)
  13 naga warriors
  Urug (Orc:2)
  A shock serpent (Snake:3)
  An occultist (Swamp:4)
  A spriggan berserker (Swamp:4)
  15 naga sharpshooters
  20 deep elf knights
  2 sixfirhies (Swamp:4)
  2 soul eaters
  A death drake (Swamp:4)
  4 salamander mystics
  17 deep trolls
  2 skysharks
  5 spriggan druids (Swamp:4)
  2 fire crabs (Vaults:2)
  An orange crystal statue (Gauntlet)
  5 goliath frogs
  2 sun moths (Vaults:2)
  4 swamp dragons
  2 arcanists (Vaults:1)
  19 deep elf archers
  3 ironbound convokers (Vaults:1)
  5 naga ritualists
  7 mana vipers
  4 spriggan simulacra
  4 bog bodies
  5 orc knights
  10 lindwurms
  37 deep elf pyromancers
  8 orc sorcerers
  11 ugly things
  5 cyclopes
  3 manticores
  36 deep elf zephyrmancers
  A salamander (shapeshifter) (D:15)
  11 salamanders
  7 vault sentinels (Vaults:1)
  13 naga magi
  5 guardian serpents
  4 kobold blastminers (Orc:2)
  6 will-o-the-wisps
  37 black mambas
  5 elephants (Lair:1)
  2 molten gargoyles (Vaults:2)
  A cane toad (shapeshifter) (D:15)
  A smoke demon (Swamp:4)
  6 orange demons (Swamp:4)
  A gargoyle (D:12)
  21 cane toads
  3 unseen horrors
  9 komodo dragons
  A rime drake (Lair:2)
  6 yaktaurs
  2 efreet
  5 freezing wraiths (IceCv)
  An anaconda simulacrum (IceCv)
  An ice devil (IceCv)
  A tengu conjurer (D:13)
  2 polar bears
  2 hellwings (Swamp:4)
  A bloated husk (Swamp:1)
  5 alligator simulacra
  9 hornets
  10 tyrant leeches
  A glass eye (Vaults:2)
  5 trolls
  A raiju (Gauntlet)
  17 blink frogs
  2 air elementals
  A slime creature (shapeshifter) (Elf:2)
  Sigmund (D:3)
  2 culicivoras (Vaults:1)
  A shadow (D:10)
  4 slime creatures
  5 spriggans (Swamp:4)
  A dire elephant simulacrum (Swamp:1)
  A spriggan (shapeshifter) (Elf:2)
  4 water elementals
  3 wraiths
  2 fire elementals
  5 hogs (Lair:5)
  5 wyverns
  3 steam dragons
  46 yaks
  2 wargs
  4 basilisks
  13 vampire mosquitoes
  3 minotaur simulacra
  4 redbacks (Vaults:1)
  12 swamp worms
  A chaos spawn (Swamp:4)
  3 harpy simulacra
  34 nagas
  A hydra simulacrum (IceCv)
  5 acid dragons
  29 water moccasins
  An ice beast (D:5)
  23 orc warriors
  A black bear (D:7)
  8 boggarts
  4 laughing skulls (D:15)
  An ettin simulacrum (IceCv)
  5 ogres
  6 wolves
  19 centaurs
  A phantom (D:6)
  5 kobold brigands
  6 scorpions
  20 bullfrogs
  A deep troll simulacrum (Swamp:1)
  2 earth elementals (Elf:1)
  11 wights
  15 killer bees
  2 lindwurm simulacra
  3 electric eels
  17 howler monkeys
  A crimson imp (D:3)
  A lava snake (Vaults:2)
  5 centaur zombies (D:8)
  7 jellies
  Crazy Yiuf (D:5)
  3 gnoll boudas (D:12)
  16 orc priests
  2 hounds (D:4)
  4 iguanas
  Ijyb (D:5)
  27 orc wizards
  3 killer bee zombies (D:8)
  7 mutant beasts (D:8)
  2 howler monkey zombies (D:8)
  9 gnolls
  6 adders
  7 shadow imps
  2 white imps
  5 dart slugs
  59 orcs
  7 endoplasms
  3 giant cockroaches
  5 goblins
  8 hobgoblins
  18 jackals
  3 quokkas
  6 ball pythons
  3 bats
  3 frilled lizards
  2 goblin skeletons (D:3)
  A goblin zombie (D:3)
  4 hobgoblin zombies (D:3)
  30 kobolds
  A kobold skeleton (D:3)
  A kobold zombie (D:3)
  2 orc skeletons (D:3)
  An orc zombie (D:3)
  5 rats
  A butterfly (Lair:1)
1263 creatures vanquished.

Vanquished Creatures (collateral kills)
  A nagaraja (Snake:1)
  An anaconda simulacrum (IceCv)
  A troll (D:11)
  3 centaurs (D:11)
  A kobold brigand (D:8)
  A wight (D:8)
8 creatures vanquished.

Vanquished Creatures (others)
  A war gargoyle (Vaults:2)
  A wyvern (Lair:3)
  4 foxfires
6 creatures vanquished.

Grand Total: 1277 creatures vanquished

Notes
Turn   | Place    | Note
-------+----------+-------------------------------------------
     0 | D:1      | jasper the Naga Ice Elementalist began the quest for the
                  | Orb.
     0 | D:1      | Reached XP level 1. HP: 15/15 MP: 3/3
     1 | D:1      | Found a shimmering altar of Xom.
    92 | D:1      | Reached XP level 2. HP: 22/22 MP: 3/5
   433 | D:1      | Found a faded altar of an unknown god.
   824 | D:2      | Reached XP level 3. HP: 25/28 MP: 2/6
   828 | D:2      | Learned a level 3 spell: Frozen Ramparts
  1416 | D:3      | Reached skill level 5 in Ice Magic
  1420 | D:3      | Learned a level 3 spell: Ozocubu's Armour
  1526 | D:3      | Found a glowing golden altar of the Shining One.
  1547 | D:3      | Reached XP level 4. HP: 33/36 MP: 8/8
  1631 | D:3      | Noticed Sigmund
  1649 | D:3      | Killed Sigmund
  1650 | D:3      | Reached skill level 5 in Spellcasting
  1650 | D:3      | Reached XP level 5. HP: 42/42 MP: 3/12
  1650 | D:3      | Reached XP level 6. HP: 49/49 MP: 3/13
  1655 | D:3      | Learned a level 3 spell: Summon Ice Beast
  1667 | D:3      | Learned a level 3 spell: Swiftness
  2388 | D:3      | Reached skill level 1 in Air Magic
  3037 | D:4      | Reached skill level 1 in Summonings
  3037 | D:4      | Reached XP level 7. HP: 55/55 MP: 12/14
  3060 | D:4      | Noticed an angel
  3062 | D:4      | Found a shimmering altar of Xom.
  3063 | D:4      | Found a glowing silver altar of Zin.
  3236 | D:4      | Found a staircase to the Ecumenical Temple.
  3248 | Temple   | Entered the Ecumenical Temple
  3258 | Temple   | Became a worshipper of Vehumet
  3405 | D:4      | Reached skill level 1 in Fighting
  3782 | D:5      | Entered Level 5 of the Dungeon
  3928 | D:5      | Reached skill level 6 in Ice Magic
  3928 | D:5      | Reached * piety under Vehumet
  3928 | D:5      | Offered knowledge of Magic Dart by Vehumet.
  4069 | D:5      | Reached XP level 8. HP: 50/69 MP: 6/15
  4752 | D:5      | Found a runed translucent door.
  4753 | D:5      | Noticed Crazy Yiuf
  4820 | D:5      | Found a blossoming altar of Fedhas.
  4861 | D:5      | Reached skill level 7 in Ice Magic
  5135 | D:5      | Noticed Ijyb
  5140 | D:5      | Killed Ijyb
  5480 | D:5      | Killed Crazy Yiuf
  5481 | D:5      | Reached skill level 5 in Fighting
  5604 | D:6      | Reached XP level 9. HP: 47/82 MP: 8/16
  5874 | D:6      | Reached skill level 8 in Ice Magic
  6085 | D:6      | Reached ** piety under Vehumet
  6085 | D:6      | Offered knowledge of Momentum Strike by Vehumet.
  6089 | D:6      | Learned a level 2 spell: Momentum Strike
  6664 | D:7      | Identified the +4 scale mail of Anarchy {rC+ Will+ Dex+3}
  6798 | D:7      | Reached skill level 1 in Conjurations
  6798 | D:7      | Reached skill level 1 in Translocations
  7667 | D:7      | Found a shimmering blue altar of Sif Muna.
  7862 | D:8      | Reached skill level 9 in Ice Magic
  7869 | D:8      | Reached XP level 10. HP: 82/96 MP: 15/17
  7893 | D:8      | Found a staircase to the Lair.
  7968 | D:8      | Reached skill level 10 in Ice Magic
  7970 | D:8      | Offered knowledge of Searing Ray by Vehumet.
  8023 | D:8      | Found a stormy altar of Qazlal.
  8625 | D:8      | Reached *** piety under Vehumet
  8789 | D:8      | Offered knowledge of Sticky Flame by Vehumet.
  8790 | D:8      | Reached skill level 10 in Fighting
  8795 | D:8      | Learned a level 4 spell: Sticky Flame
  8813 | D:8      | Noticed a juvenile oxsting beast
  8838 | D:8      | Killed a juvenile oxsting beast
  8839 | D:8      | Reached skill level 1 in Fire Magic
  9676 | D:9      | Found a shadowy altar of Dithmenos.
  9676 | D:9      | Found a snail-covered altar of Cheibriados.
  9843 | D:9      | Reached skill level 5 in Alchemy
 10049 | D:9      | Reached **** piety under Vehumet
 10054 | D:9      | Reached XP level 11. HP: 72/108 MP: 11/19
 10200 | D:9      | Offered knowledge of Mephitic Cloud by Vehumet.
 10206 | D:9      | Learned a level 3 spell: Mephitic Cloud
 10506 | D:9      | Found a hazy altar of Hepliaklqana.
 10672 | D:10     | Entered Level 10 of the Dungeon
 11232 | D:10     | Noticed a two-headed ogre
 11242 | D:10     | Killed a two-headed ogre
 11631 | D:11     | Reached skill level 1 in Shields
 11888 | D:11     | Learned a level 3 spell: Stone Arrow
 11984 | D:11     | Reached skill level 1 in Earth Magic
 12592 | D:11     | Reached skill level 5 in Conjurations
 12706 | D:12     | Noticed a boulder beetle
 12790 | Lair:1   | Entered Level 1 of the Lair of Beasts
 13081 | Lair:1   | Reached skill level 1 in Staves
 13082 | Lair:1   | Reached XP level 12. HP: 103/120 MP: 18/22
 13592 | Lair:1   | Reached skill level 5 in Staves
 13760 | Lair:1   | Reached ***** piety under Vehumet
 13760 | Lair:1   | Offered knowledge of Freezing Cloud by Vehumet.
 13775 | Lair:1   | Learned a level 5 spell: Freezing Cloud
 15409 | Lair:3   | Noticed a catoblepas
 15427 | Lair:3   | Killed a catoblepas
 15430 | Lair:3   | Reached skill level 10 in Staves
 15560 | Lair:3   | Gained mutation: You can use your snake-like lower body to
                  | constrict enemies. [Naga growth]
 15560 | Lair:3   | Reached XP level 13. HP: 126/127 MP: 21/23
 15631 | Lair:3   | Found a staircase to the Swamp.
 15868 | Lair:3   | Found a staircase to the Snake Pit.
 16406 | Lair:3   | Found a radiant altar of Vehumet.
 16505 | Lair:3   | You are sucked into a shaft and drop 2 floors!
 16505 | Lair:5   | Entered Level 5 of the Lair of Beasts
 16515 | Lair:5   | Reached skill level 1 in Evocations
 16530 | Lair:5   | Noticed Kirke
 16904 | Lair:5   | Killed Kirke
 16910 | Lair:5   | Reached skill level 5 in Evocations
 17112 | Lair:5   | Noticed jlumianski's ghost (journeyman GnSh)
 17114 | Lair:5   | Found a runed translucent gate.
 17114 | Lair:5   | Found a runed translucent gate.
 17114 | Lair:5   | Found a runed translucent gate.
 17174 | Lair:4   | Found a transporter.
 17989 | Lair:4   | Found a transporter.
 17990 | Lair:4   | Noticed Ozorab's ghost (journeyman NaHs)
 18328 | Lair:4   | Noticed a rakshasa
 18662 | Lair:5   | Offered knowledge of Ozocubu's Refrigeration by Vehumet.
 18677 | Lair:5   | Reached XP level 14. HP: 104/138 MP: 11/24
 19909 | Lair:5   | Found a viscous altar of Jiyva.
 19912 | Lair:5   | Found a staircase to the Slime Pits.
 20364 | D:12     | Identified the +1 leather armour of the Northern Lights
                  | {rN+ Slay+2}
 20497 | D:12     | Found a bloodstained altar of Trog.
 20969 | D:12     | Found a staircase to the Orcish Mines.
 21515 | D:12     | Learned a level 7 spell: Ozocubu's Refrigeration
 21948 | Orc:1    | Entered Level 1 of the Orcish Mines
 22162 | Orc:2    | Entered Level 2 of the Orcish Mines
 22166 | Orc:2    | Noticed an orc warlord
 22320 | Orc:1    | Killed an orc warlord
 22394 | Orc:2    | Noticed Urug
 22400 | Orc:2    | Killed Urug
 22401 | Orc:2    | Reached skill level 11 in Ice Magic
 22543 | Orc:2    | Found Bueskerr's General Store.
 22543 | Orc:2    | Found Sasedeas's Antique Weapon Shop.
 22545 | Orc:2    | Offered knowledge of Lee's Rapid Deconstruction by Vehumet.
 22636 | Orc:2    | Noticed Nessos
 22874 | Orc:2    | Killed Nessos
 23156 | Orc:2    | Reached skill level 12 in Ice Magic
 23505 | Orc:2    | Bought a scroll of fear for 56 gold pieces
 23505 | Orc:2    | Bought a scroll of teleportation for 42 gold pieces
 23610 | Orc:2    | Upgraded the game from 0.31-a0-1620-gcbf77bbcfc to
                  | 0.31-a0-1626-g5cb510d322
 23716 | Orc:2    | Reached XP level 15. HP: 118/147 MP: 6/28
 23977 | Orc:2    | Found Meokoex's Jewellery Boutique.
 24094 | Orc:2    | Found Ekheuqe's Antique Armour Emporium.
 24118 | Orc:2    | Bought a shimmering robe for 159 gold pieces
 24118 | Orc:2    | Identified the +2 robe "Xawad" {rElec rPois Int-4} (You
                  | bought it in a shop on level 2 of the Orcish Mines)
 24147 | Orc:2    | Found Irion's Assorted Antiques.
 24148 | Orc:2    | Found Itorch's Magic Scroll Boutique.
 24154 | Orc:2    | Bought a potion of brilliance for 80 gold pieces
 24154 | Orc:2    | Bought a scroll of teleportation for 60 gold pieces
 24154 | Orc:2    | Bought a potion of haste for 200 gold pieces
 24154 | Orc:2    | Bought a scroll of poison for 80 gold pieces
 24157 | Orc:2    | Bought a scroll of acquirement for 624 gold pieces
 24157 | Orc:2    | Bought a scroll of poison for 48 gold pieces
 24157 | Orc:2    | Bought a scroll of immolation for 48 gold pieces
 24157 | Orc:2    | Bought a scroll of immolation for 48 gold pieces
 24157 | Orc:2    | Bought a scroll of immolation for 48 gold pieces
 24157 | Orc:2    | Acquired a staff of cold
 24380 | Orc:2    | Found a staircase to the Elven Halls.
 24872 | D:13     | Found a gate leading to a gauntlet.
 24884 | Gauntlet | Entered a Gauntlet
 24884 | Gauntlet | Found a runed translucent door.
 24884 | Gauntlet | Found a transporter.
 24884 | Gauntlet | Found a runed translucent door.
 24884 | Gauntlet | Found a transporter.
 24942 | Gauntlet | Found a transporter.
 24942 | Gauntlet | Found a transporter.
 24954 | Gauntlet | Found a transporter.
 24955 | Gauntlet | Found a transporter.
 24966 | Gauntlet | Found a transporter.
 24984 | Gauntlet | Found a transporter.
 24999 | Gauntlet | Found a transporter.
 25002 | Gauntlet | Found a transporter.
 25010 | Gauntlet | Found a transporter.
 25013 | Gauntlet | Found a transporter.
 25317 | Gauntlet | Identified the ring "Teeloiq" {rC+ Str+2 Dex+4}
 25342 | Gauntlet | Reached skill level 13 in Ice Magic
 25915 | D:13     | Offered knowledge of Conjure Ball Lightning by Vehumet.
 26618 | D:13     | Found a gate to the Vaults.
 26784 | D:14     | Reached skill level 14 in Ice Magic
 26849 | D:14     | Found Viedaup's Antique Weapon Shoppe.
 27219 | D:14     | Found an iron altar of Okawaru.
 27281 | D:14     | Identified the +2 chain mail "Pyiruola" {rN+ rCorr Dex+5}
 27643 | D:15     | Entered Level 15 of the Dungeon
 28177 | D:15     | Found Qulif's Gadget Gallery.
 28396 | D:15     | Reached skill level 15 in Ice Magic
 28987 | D:15     | Found a staircase to the Depths.
 28987 | D:15     | Noticed a frost giant
 29018 | D:15     | Killed a frost giant
 29399 | Snake:1  | Entered Level 1 of the Snake Pit
 29618 | Snake:1  | Found a transporter.
 29645 | Snake:1  | Identified the serpent talisman of Integrity {rN+ Dex+4}
 29645 | Snake:1  | Noticed Aizul
 29656 | Snake:1  | Killed Aizul
 29739 | Snake:1  | Found Vicrutoibe's Distillery.
 29739 | Snake:1  | Found Qimiaf's Assorted Antiques.
 29747 | Snake:1  | Bought a potion of curing for 39 gold pieces
 29747 | Snake:1  | Bought a potion of curing for 39 gold pieces
 29747 | Snake:1  | Bought a potion of cancellation for 104 gold pieces
 29747 | Snake:1  | Bought a potion of curing for 39 gold pieces
 29747 | Snake:1  | Bought 2 potions of heal wounds for 130 gold pieces
 29753 | Snake:1  | Bought a potion of curing for 84 gold pieces
 29815 | Snake:1  | Noticed a nagaraja
 29822 | Snake:1  | Killed a nagaraja
 29823 | Snake:1  | Reached skill level 5 in Dodging
 30224 | Snake:1  | Noticed a nagaraja
 30279 | Snake:1  | Found a transporter.
 30394 | Snake:1  | Reached XP level 16. HP: 140/158 MP: 5/29
 30588 | Snake:1  | Identified the +0 leather armour "Wioti" {Harm}
 31988 | Snake:2  | Offered knowledge of Orb of Destruction by Vehumet.
 32079 | Snake:2  | Noticed a nagaraja
 32084 | Snake:2  | Killed a nagaraja
 32399 | Snake:2  | Found a runed translucent gate.
 32406 | Snake:2  | Found a runed translucent gate.
 32411 | Snake:2  | Found a runed translucent gate.
 32411 | Snake:2  | Noticed Ewuvia's ghost (adept FeSh)
 33561 | Snake:3  | Reached skill level 10 in Spellcasting
 33602 | Snake:3  | Learned a level 7 spell: Orb of Destruction
 33777 | Snake:3  | Noticed a nagaraja
 33792 | Snake:3  | Killed a nagaraja
 33816 | Snake:3  | Reached skill level 15 in Fighting
 34092 | Snake:3  | Noticed a nagaraja
 34101 | Snake:3  | Killed a nagaraja
 34259 | Snake:3  | Found Ireog's Jewellery Boutique.
 34260 | Snake:3  | Found Jevut's Distillery.
 34286 | Snake:3  | Bought a potion of haste for 170 gold pieces
 34286 | Snake:3  | Bought a potion of curing for 51 gold pieces
 34286 | Snake:3  | Bought a potion of curing for 51 gold pieces
 34373 | Snake:3  | Reached skill level 10 in Conjurations
 34753 | Snake:4  | Entered Level 4 of the Snake Pit
 35727 | Snake:4  | Noticed Agnes
 35734 | Snake:4  | Killed Agnes
 35735 | Snake:4  | Reached XP level 17. HP: 149/170 MP: 4/31
 36121 | Snake:4  | Noticed Vashnia
 36384 | Snake:4  | Killed Vashnia
 37670 | Snake:4  | Noticed a quicksilver dragon
 37671 | Snake:4  | Offered knowledge of Starburst by Vehumet.
 37674 | Snake:4  | Killed a quicksilver dragon
 37920 | Snake:4  | Reached skill level 5 in Shields
 37973 | Snake:4  | Got a serpentine rune of Zot
 38557 | Swamp:1  | Entered Level 1 of the Swamp
 38557 | Swamp:1  | Found a shimmering blue altar of Sif Muna.
 39143 | Swamp:1  | Found a glacial archway.
 39187 | IceCv    | Entered an ice cave
 40286 | IceCv    | Found an ancient bone altar of Kikubaaqudgha.
 40304 | IceCv    | Noticed a lich
 40314 | IceCv    | Identified the ring "Cesumaw" {rN+ Int+3 Dex+2}
 40445 | IceCv    | Killed a lich
 41573 | Swamp:2  | Noticed a tentacled monstrosity
 41592 | Swamp:2  | Killed a tentacled monstrosity
 41842 | Swamp:2  | Noticed Phlounder's ghost (adept DjHW)
 41845 | Swamp:2  | Found a transporter.
 41846 | Swamp:2  | Found a bloodstained altar of Trog.
 41920 | Swamp:2  | Found a transporter.
 43009 | Swamp:3  | Offered knowledge of Ignition by Vehumet.
 43791 | Swamp:3  | Reached XP level 18. HP: 177/178 MP: 10/32
 44023 | Swamp:3  | Reached skill level 10 in Shields
 44561 | Swamp:4  | Entered Level 4 of the Swamp
 47336 | Swamp:4  | Got a decaying rune of Zot
 47943 | Elf:1    | Entered Level 1 of the Elven Halls
 49104 | Elf:1    | Reached skill level 16 in Ice Magic
 49467 | Elf:1    | Reached XP level 19. HP: 186/186 MP: 8/34
 51489 | Orc:2    | Bought a scroll of acquirement for 624 gold pieces
 51489 | Orc:2    | Acquired 870 gold pieces
 51744 | Snake:1  | Bought a potion of experience for 650 gold pieces
 51744 | Snake:1  | Reached skill level 17 in Ice Magic
 51744 | Snake:1  | Reached XP level 20. HP: 194/194 MP: 36/36
 52184 | Elf:2    | Found Buturag's Jewellery Shoppe.
 52331 | Elf:2    | Found a huge runed translucent gate.
 52331 | Elf:2    | Found a huge runed translucent gate.
 52331 | Elf:2    | Found a huge runed translucent gate.
 52331 | Elf:2    | Found a huge runed translucent gate.
 52336 | Elf:2    | Found a huge runed translucent gate.
 52953 | Elf:3    | Entered Level 3 of the Elven Halls
 53031 | Elf:3    | Paralysed by an air elemental for 1 turns
 53034 | Elf:3    | Paralysed by an air elemental for 1 turns
 53599 | Elf:3    | Reached skill level 18 in Ice Magic
 53733 | Elf:3    | Reached ****** piety under Vehumet
 54271 | Elf:3    | Identified the +5 quarterstaff "Lacitaze" {pain, *Rage rF+
                  | rC++ rN+}
 54276 | Elf:3    | Offered knowledge of Fire Storm by Vehumet.
 54276 | Elf:3    | Offered knowledge of Shatter by Vehumet.
 54276 | Elf:3    | Offered knowledge of Polar Vortex by Vehumet.
 54286 | Elf:3    | Noticed a Tzitzimitl
 54296 | Elf:3    | Reached XP level 21. HP: 121/204 MP: 24/38
 54536 | Elf:3    | Identified the +1 scale mail "Motu" {rC+ Slay+2}
 54561 | Elf:3    | Got the Verses on the Lungs
 54565 | Elf:3    | Identified the ring "Woah Kif" {Will++ Int+3 Dex+6}
 54566 | Elf:3    | Identified the +2 chain mail of Heresy {rPois rF+ Str+3
                  | Slay+2}
 54584 | Elf:3    | Identified the +0 ring mail "Kachia" {Dex+3}
 54606 | Elf:3    | Identified the +9 short sword of Indomitability {venom, rN+
                  | Stlth+}
 54779 | Vaults:1 | Entered Level 1 of the Vaults
 54974 | Vaults:1 | Noticed Zenata
 54990 | Vaults:1 | Killed Zenata
 55229 | Vaults:1 | Identified the +2 spear "Nulytom" {pain, rElec rC++ Str+2
                  | Stlth-}
 55260 | Vaults:1 | Reached skill level 19 in Ice Magic
 55558 | Vaults:1 | Identified the +3 quarterstaff of Ascent {venom, rElec rC-
                  | Int+6 Dex-5}
 56669 | Vaults:1 | Identified the +0 chain mail of Vidy {Dex+3 Slay+2}
 57099 | Vaults:2 | Found Faurhenima's Armour Emporium.
 57107 | Vaults:2 | Bought the +0 troll leather armour of the Albatross {rF++
                  | Regen+ Dex+3} for 778 gold pieces
 57195 | Vaults:2 | Found a runed translucent door.
 57197 | Vaults:2 | Noticed Antoec's ghost (adept VSBr)
 57762 | Vaults:2 | Reached skill level 20 in Ice Magic
 57799 | Vaults:2 | Got Xipn's Omnibus of Wildfire
 58102 | Vaults:2 | HP: 6/206 [crystal guardian[a peacekeeper] (6)]
 58105 | Vaults:2 | Killed from afar by a crystal guardian

Illustrated notes

Levels and vault maps discovered:
D:1:      sevenhm_arrival_forest_fort_small_6, layout_loops_ring,
          shapermc_ecumenical_altar_mp_urbaneastern
D:2:      layout_rooms, minmay_parallelograms
D:3:      layout_basic, nicolae_tso_besieged_by_evil, uniq_sigmund
D:4:      lemuel_castle_with_subvaults [lemuel_castle_interior_carwin_2],
          layout_basic, grunt_temple_overflow_order_and_chaos_1,
          minmay_temple_entry_proselytizer
D:5:      layout_basic, mainiacjoe_overflow_boulevard, uniq_ijyb,
          uniq_crazy_yiuf_cottage
D:6:      layout_basic, minmay_curled_crystal
D:7:      layout_layer_cave, tgw_sif
D:8:      layout_rooms, mainiacjoe_overflow_tiny_flanked,
          minmay_lair_entry_grove, serial_undead, serial_undead_b,
          serial_undead_e, serial_undead_b, serial_undead_e, serial_undead_c,
          serial_undead_b, serial_undead_a, nicolae_beast_mode
D:9:      layout_stronghold, nicolae_hepliaklqana_hippocampus,
          mainiacjoe_overflow_large_starburst
D:10:     layout_loops_ring
D:11:     layout_layer_cave
D:12:     kennysheep_seaside_town, layout_loops_cross, erik_orc_4,
          trog_hazing_becter
D:13:     layout_basic, hellmonk_vaults_attempted_burglary,
          gauntlet_entry_generic
D:14:     layout_small_grid, grunt_decor_junction, serial_shops, shop,
          okawaru_ov_weapons_minmay
D:15:     grunt_enter_depths_snipers, layout_loops_ring, minmay_misc_feat_alley,
          nicolae_shop_gadgets
Temple:   nicolae_temple_god_jail
Lair:1:   layout_regular_city, beast_lair_carwin_2, lemuel_fruit_fields,
          serial_bayou_shore_a, grunt_megastairs_5, infiniplex_staircase_pool,
          lemuel_fruit_fields
Lair:2:   layout_chaotic_city
Lair:3:   layout_roguey, mainiacjoe_swamp_entry_lozenge_pond,
          minmay_snake_entry_six_corridors, basic_altar,
          nicolae_lair_grove_arrangements
Lair:4:   layout_small_grid, gammafunk_ghost_abyssal_escape
Lair:5:   minmay_lair_end_frog_pond, layout_regular_city,
          nicolae_slime_entry_field_trip, gammafunk_ghost_split, uniq_kirke
Swamp:1:  layout_basic_swamp, portal_ice_cave_entry_ice_simulacra,
          lemuel_altar_in_water, hangedman_swamp_lotus, swamp_pool_3
Swamp:2:  nicolae_swamp_ascending_descending, layout_basic_swamp,
          gammafunk_ghost_wrathful_warriors, nicolae_swamp_reclaimed_castle,
          swamp_pool_3, hangedman_swamp_cone, nicolae_swamp_decorative_isthmus
Swamp:3:  layout_basic_swamp, nicolae_swamp_triple_paths
Swamp:4:  nzn_swamp_witches_coven, layout_basic_swamp
Snake:1:  gammafunk_the_bubble [the_bubble_gammafunk_split], layout_layer_cave,
          grunt_ministairs_4, guppyfry_library_mini, minmay_shoptagon,
          lemuel_fruit_tree, uniq_aizul
Snake:2:  layout_chambers, ebering_ghost_rock_garden, serial_bayou_shore_b
Snake:3:  layout_rooms, serial_shops, shop, shop
Snake:4:  hellmonk_snake_rune_quicksilver_temple, layout_chambers, st_stairs_11,
          drop_trap, nicolae_zig_zag_zippers, uniq_agnes, uniq_vashnia
Orc:1:    layout_caves, nicolae_orc_damp_corner
Orc:2:    grunt_orc_gardens, layout_caves, grunt_orc_garden, grunt_orc_garden,
          grunt_orc_garden, grunt_orc_garden, guppyfry_orc_lava_fort, uniq_urug,
          uniq_nessos
Elf:1:    nicolae_elf_arrival_no_cutting_in_line, layout_loops_corners,
          evilmike_minifort, nicolae_elf_stone_circles
Elf:2:    elven_hall_of_blades_hangedman_alternative [grunt_blade_entry_basic],
          layout_geoelf_octagon, serial_shops, shop, st_stairs_3
Elf:3:    elf_hall, layout_loops_cross, st_stairs_11, corexii_hall_statues_x
Vaults:1: v_misc_16, v_misc_28, nicolae_vaults_diamond_1,
          nicolae_vaults_windows_and_doors_thing, vaults_room_door_hall,
          nicolae_vaults_door_testing_chamber, nicolae_vaults_weapon_check,
          nicolae_vaults_closet_pinwheel_1, hangedman_vaults_corner_blocks,
          nicolae_vaults_house_3, ontoclasm_vaults_twist,
          nicolae_vaults_diagonal_hallway_8, layout_vaults_omnicross,
          uniq_zenata
Vaults:2: ebering_ghost_reflecting_pool, nicolae_vaults_little_squares_3,
          nicolae_vaults_mini_display_case, hangedman_vaults_stretched_pinwheel,
          vaults_standard_mumra_enter_the_diamond, v_pattern_5,
          dpeg_vaults_pockets_of_resistance, nicolae_vaults_lightning_bolt,
          nicolae_vaults_taking_the_gang_shopping, grunt_vaults_diagonal,
          vaults_mumra_minichess_inversion, layout_vaults_omnibox,
          serial_magic_research, hangedman_research_probablistics,
          hangedman_research_pyrotechnics, serial_shops, shop

Skill      XL: |  1  2  3  4  5  6  7  8  9 10 11 12 13 14 15 16 17 18 19 20 21 |
---------------+----------------------------------------------------------------+-----
Ice Magic      | 5 6 7 9 10 12 15 16 17 18 20 | 20.2
Spellcasting   | 5 7 9 10 11 12 13 14 | 14.2
Air Magic      | 2 3 |  3.0
Summonings     | 1 2 |  2.0
Fighting       | 3 5 7 10 11 12 13 15 16 | 16.6
Conjurations   | 2 6 8 11 13 | 13.0
Translocations | 2 |  2.0
Fire Magic     | 2 |  2.0
Alchemy        | 5 |  5.1
Shields        | 2 9 12 | 12.0
Earth Magic    | 2 |  2.0
Staves         | 1 10 12 | 12.0
Evocations     | 5 |  5.0
Dodging        | 6 7 |  7.4
Stealth        | |  3.0

Action                     |  1- 3 |  4- 6 |  7- 9 | 10-12 | 13-15 | 16-18 | 19-21 || total
---------------------------+-------+-------+-------+-------+-------+-------+-------++-------
  Melee: Whip              |    50 |    32 |    16 |       |       |       |       ||    98
         Punch             |       |     2 |     2 |     1 |     1 |     1 |       ||     7
         Morningstar       |       |       |   140 |   202 |       |       |       ||   342
         Staff             |       |       |       |    51 |   144 |   214 |    84 ||   493
         Constrict         |       |       |       |       |    34 |    42 |    18 ||    94
  Throw: Dart              |     1 |       |       |       |       |       |       ||     1
   Cast: Freeze            |    13 |    24 |    19 |       |       |       |       ||    56
         Frozen Ramparts   |     4 |     9 |    35 |    51 |    26 |     1 |       ||   126
         Ozocubu's Armour  |       |       |     6 |    24 |    10 |     4 |     1 ||    45
         Summon Ice Beast  |       |       |     2 |     4 |       |       |       ||     6
         Momentum Strike   |       |       |     1 |       |       |       |       ||     1
         Sticky Flame      |       |       |       |    52 |    55 |    33 |     3 ||   143
         Stone Arrow       |       |       |       |   106 |   256 |   270 |   117 ||   749
         Freezing Cloud    |       |       |       |     2 |   167 |   196 |    99 ||   464
         Mephitic Cloud    |       |       |       |       |     7 |     1 |       ||     8
         Ozocubu's Refrige |       |       |       |       |    48 |   120 |   120 ||   288
         Orb of Destructio |       |       |       |       |       |    16 |     4 ||    20
Ability: Spit Poison       |    26 |    21 |    21 |    13 |     2 |     1 |       ||    84
  Evoke: Wand              |       |       |       |     6 |     2 |    16 |       ||    24
         Box of beasts     |       |       |       |     1 |     1 |     2 |       ||     4
    Use: Scroll            |     7 |     1 |    13 |     9 |     5 |    11 |     6 ||    52
         Potion            |       |     1 |     1 |     3 |       |     4 |     3 ||    12
   Stab: Sleeping          |     1 |       |     3 |       |       |       |       ||     4
         Distracted        |       |       |     1 |       |       |       |       ||     1
         Petrified         |       |       |       |     4 |       |       |       ||     4
         Petrifying        |       |       |       |     1 |       |       |       ||     1
         Confused          |       |       |       |       |     1 |       |       ||     1
 Armour: Robe              |    37 |    44 |   229 |   294 |       |       |       ||   604
         Steam dragon scal |       |       |       |   264 |   288 |   419 |   134 ||  1105
         Troll leather arm |       |       |       |       |       |       |    70 ||    70
  Dodge: Dodged            |    21 |    26 |   134 |   331 |   102 |   143 |    51 ||   808
  Block: Kite shield       |       |       |       |       |       |    86 |   108 ||   194

Table legend: (Time is in decaauts)
 A = Elapsed time spent in this place.
 B = Non-inter-level travel time spent in this place.
 C = Inter-level travel time spent in this place.
 D = Time resting spent in this place.
 E = Time spent auto-exploring this place.
 F = Levels seen in this place.
 G = Mean time per level.
                   A        B        C        D        E       F      G
               +--------+--------+--------+--------+--------+-----+--------+
         Total |  68496 |  64080 |   4416 |   9508 |  46673 |  38 | 1802.5 |
       Dungeon |  23399 |  21630 |   1769 |    977 |  17597 |  15 | 1559.9 |
        Temple |     26 |     15 |     11 |      0 |      0 |   1 |   26.0 |
          Lair |   9532 |   8597 |    935 |    187 |   7384 |   5 | 1906.4 |
         Swamp |   8743 |   8360 |    383 |   3187 |   4462 |   4 | 2185.8 |
     Snake Pit |  10484 |  10124 |    360 |   2490 |   6640 |   4 | 2621.0 |
  Orcish Mines |   3016 |   2705 |    311 |    809 |   1620 |   2 | 1508.0 |
   Elven Halls |   7287 |   6837 |    450 |    929 |   4932 |   3 | 2429.0 |
        Vaults |   3829 |   3634 |    195 |    113 |   3055 |   2 | 1914.5 |
      Ice Cave |   1367 |   1367 |      0 |    715 |    418 |   1 | 1367.0 |
      Gauntlet |    807 |    807 |      0 |    101 |    562 |   1 |  807.0 |
               +--------+--------+--------+--------+--------+-----+--------+

Top non-repeatable levels by time:
 Snake:4: 3927 daAuts
   Elf:1: 3800 daAuts
 Swamp:4: 3121 daAuts
Vaults:1: 2682 daAuts
 Snake:1: 2609 daAuts
  Lair:5: 2326 daAuts
 Snake:2: 2268 daAuts
     D:5: 2219 daAuts
     D:8: 2074 daAuts
    D:12: 2065 daAuts
 Swamp:2: 2050 daAuts
   Elf:3: 2027 daAuts
  Lair:3: 2019 daAuts
 Swamp:3: 1912 daAuts
   Orc:2: 1842 daAuts
